 Dungeon Crawl Stone Soup version 0.18-a0-801-gb01a236 (webtiles) character file.

17 Duffy the Magician (level 2, -2/20 HPs)
             Began as a Draconian Wizard on Dec 15, 2015.
             Slain by an adder (3 damage)
             ... on level 2 of the Dungeon.
             The game lasted 00:02:02 (1534 turns).

Duffy the Magician (Draconian Wizard)               Turns: 1534, Time: 00:02:02

Health: -2/20      AC:  4    Str:  9    XL:     2   Next: 44%
Magic:  0/6        EV: 12    Int: 18    God:
Gold:   79         SH:  0    Dex:  9    Spells: 4 memorised, 0 levels left

rFire  . . .     SeeInvis .     f - +0 dagger
rCold  . . .     Clarity  .     (armour unavailable)
rNeg   . . .     SustAt   .     (no shield)
rPois  .         Gourm    .     a - +0 hat
rElec  .         Spirit   .     (no cloak)
rCorr  .         Dismiss  .     (no gloves)
rMut   .         Stasis   .     (no boots)
MR     .....                    (no amulet)
Stlth  +.........               (no ring)
                                (no ring)

@: lethally poisoned (-2 -> -6), very slightly contaminated, repel missiles, not
resistant to hostile enchantments, very unstealthy
A: unfitting armour, cold-blooded, AC +4
a: no special abilities


You were on level 2 of the Dungeon.
You were hungry.

You visited 1 branch of the dungeon, and saw 2 of its levels.

You collected 79 gold pieces.


Innate Abilities, Weirdness & Mutations

Your plain brown scales are hard (AC +4).
Your body does not fit into most forms of armour.
You are cold-blooded and may be slowed by cold attacks.


   Skills:
 - Level 2.0 Dodging
 - Level 1.8 Stealth
 + Level 3.1 Spellcasting
 + Level 2.0 Conjurations
 - Level 1.0 Summonings
 - Level 1.0 Translocations


You couldn't memorise any spells.
You knew the following spells:

 Your Spells              Type           Power        Failure   Level  Hunger
a - Magic Dart            Conj           ##..         10%         1    None
i - Call Imp              Summ           #.......     17%         2    ##.....
B - Blink                 Tloc           N/A          17%         2    ##.....
M - Repel Missiles        Chrm/Air       #.....       28%         2    ##.....

Inventory:

Hand Weapons
 f - a +0 dagger (weapon)
Armour
 a - a +0 hat (worn)
Scrolls
 d - a scroll of enchant weapon {unknown}
 e - a scroll of remove curse {unknown}
 g - a scroll of identify {unknown}
 j - a scroll of immolation {unknown}
Potions
 h - a potion of lignification {unknown}
 k - 4 potions of curing {unknown}
Books
 b - a book of Minor Magic
Comestibles
 c - a bread ration
 i - 2 beef jerkies

Dungeon Overview and Level Annotations

Branches:
Dungeon (2/15)

Altars:

Annotations:
D:2 Natasha


Message History

You miscast Magic Dart.
Your skin glows momentarily.
The adder bites you. The adder barely misses you.
You feel sick. The adder closely misses you.
You closely miss the adder.
Your tail-slap misses the adder.
The adder is heavily wounded.
The adder bites you.
You miss the adder.
The adder is heavily wounded.
You feel sick. The adder barely misses you.
You hit the adder.
The adder is heavily wounded.
The adder barely misses you. x2
You hit the adder.
The adder is heavily wounded.
The adder barely misses you.
Cast which spell? (? or * to list)
Aiming: Magic Dart
Press: ? - help, Shift-Dir - straight line, f/p - adder
Aim: an adder (heavily wounded)
The magic dart hits the adder.
The adder is almost dead.
The adder bites you but does no damage.
You hit the adder.
The adder is almost dead.
You feel sick. The adder bites you but does no damage. The adder bites you.
You are lethally poisoned!
The adder poisons you!
You hit the adder but do no damage.
The adder is almost dead.
The adder closely misses you.
You barely miss the adder.
The adder is almost dead.
You feel sick. The adder bites you.
You die...

..........#.## ####'##########
..#..........# #.#
#.###.....#..# #.#
#.......#.#..# #.#
######..#.#..# #.# # #..#.#..#
#.# # #....#..# ###'###########
#######.###..#####...........)..
.......># #....S@'..............
######### #.######..............
# #.# #................ #
.........# #................ ###
.....%...# #..[############# ..#
.........# #...# #.# $........#
#...# #.# .........# #...# #.#
.........# #...#


You could see an adder.

Action                   || total
-------------------------++-------
Melee: Dagger            ||    17
 Cast: Magic Dart        ||    42
       Call Imp          ||     3
       Repel Missiles    ||     1
  Eat: Chunk             ||     1

Notes
Turn   | Place    | Note
--------------------------------------------------------------
     0 | D:1      | Duffy the Draconian Wizard began the quest for the Orb.
     0 | D:1      | Reached XP level 1. HP: 14/14 MP: 4/4
   102 | D:1      | Reached skill level 2 in Dodging
   676 | D:1      | Reached XP level 2. HP: 20/20 MP: 4/6
   981 | D:2      | Learned a level 2 spell: Blink
   984 | D:2      | Learned a level 2 spell: Repel Missiles
   988 | D:2      | Learned a level 2 spell: Call Imp
  1054 | D:2      | Noticed Natasha
  1421 | D:2      | Reached skill level 2 in Conjurations
  1534 | D:2      | Slain by an adder

Vault maps used:
D:1:      ncdulo_halloftheorcs
D:2:      okawaru_trees_2, minmay_misc_feat_chi, uniq_sigmund, uniq_natasha,
          uniq_jessica

Vanquished Creatures
  4 bats
  4 hobgoblins
  A giant gecko
  4 goblins
  A kobold
  3 rats
17 creatures vanquished.
